ITL
TUSCALOOSA TROUT SLAYERS @ TOPEKA TORNADOS
08/21/2026
 
TOP OF THE 1ST
Tuscaloosa Trout Slayers batting - Pitching for Topeka Tornados : LHP Anthony Erickson
Pitching: LHP Anthony Erickson
Batting: LHB Ed Hart 0-0: Ball
1-0: Ball
2-0: Ball
3-0: Called Strike
3-1: Fly out, F7 (Flyball, 78M)
Batting: LHB Ed Murray 0-0: Ball
1-0: Fly out, F5 (Popup, 5SF)
Batting: RHB Ryan McBride 0-0: Ground out 4-3 (Groundball, 34)
Top of the 1st over - 0 run(s), 0 hit(s), 0 error(s), 0 left on base; Tuscaloosa 0 - Topeka 0
BOTTOM OF THE 1ST
Topeka Tornados batting - Pitching for Tuscaloosa Trout Slayers : RHP Fernando Rodríguez
Pitching: RHP Fernando Rodríguez
Batting: SHB Martín Medina 0-0: Ball
1-0: Fly out, F6 (Popup, 6MD)
Batting: LHB Pedro Cruz 0-0: Foul Ball, location: 2F
0-1: Foul Ball, location: 2F
0-2: SINGLE (Line Drive, 4MD)
Batting: RHB Bob Hall 0-0: Ball
1-0: Ball
2-0: Fly out, F8 (Flyball, 8LS)
Batting: LHB Tom Robinson 0-0: SINGLE (Line Drive, 78M)
Pedro Cruz to second
Batting: RHB Gabriel Santana 0-0: SINGLE (Groundball, 56D)
Pedro Cruz to third
Tom Robinson to second
Runner from 3rd tries for Home, SAFE, throw made at trailing runner, OUT at third!
Bottom of the 1st over - 1 run(s), 3 hit(s), 0 error(s), 1 left on base; Tuscaloosa 0 - Topeka 1
TOP OF THE 2ND
Tuscaloosa Trout Slayers batting - Pitching for Topeka Tornados : LHP Anthony Erickson
Batting: LHB Albert Morgan 0-0: Called Strike
0-1: Ball
1-1: Called Strike
1-2: Ball
2-2: Ball
3-2: SINGLE (Line Drive, 89M)
Batting: RHB Lawrence Yates 0-0: Ball
1-0: Foul Ball, location: 2F
1-1: Ball
2-1: Swinging Strike
2-2: Strikes out swinging
Albert Morgan steals 2nd base
Batter strikes out.
Batting: RHB Pedro Rodríguez 0-0: Ball
1-0: Ball
2-0: Ball
3-0: Called Strike
3-1: Base on Balls
Batting: LHB Ricardo Berroa 0-0: Ball
1-0: Called Strike
1-1: Reached on error, E3 (Groundball, 3L)
Albert Morgan to third
Pedro Rodríguez to second
Batting: RHB Dave Hall 0-0: Called Strike
0-1: SINGLE (Groundball, 6MD) (infield hit)
Albert Morgan scores
Pedro Rodríguez to third
Ricardo Berroa to second
Batting: RHB Ben Morton 0-0: Called Strike
0-1: Ball
1-1: Ball
2-1: Ball
3-1: Foul Ball, location: 2F
3-2: Fly out, F4 (Popup, 4)
Batting: LHB Ed Hart 0-0: Ball
1-0: Ground out 4-3 (Groundball, 34)
Top of the 2nd over - 1 run(s), 2 hit(s), 1 error(s), 3 left on base; Tuscaloosa 1 - Topeka 1
BOTTOM OF THE 2ND
Topeka Tornados batting - Pitching for Tuscaloosa Trout Slayers : RHP Fernando Rodríguez
Batting: RHB Don Thomas 0-0: Ball
1-0: Fly out, F5 (Popup, 25)
Batting: LHB Ramón Pérez 0-0: Called Strike
0-1: Swinging Strike
0-2: Foul Ball, location: 2F
0-2: Ground out 4-3 (Groundball, 4)
Batting: RHB Cho-yun Qiao 0-0: Called Strike
0-1: Called Strike
0-2: Foul Ball, location: 2F
0-2: Foul Ball, location: 2F
0-2: Ball
1-2: Foul Ball, location: 2F
1-2: Ball
2-2: SINGLE (Line Drive, 6MD)
Batting: RHB Armando Méndez 0-0: Ball
1-0: Called Strike
1-1: Ball
2-1: Ball
3-1: Foul Ball, location: 2F
3-2: Foul Ball, location: 2F
3-2: Foul Ball, location: 2F
3-2: DOUBLE (Flyball, 89M)
Cho-yun Qiao to third
Cho-yun Qiao scores
Batting: SHB Martín Medina 0-0: Ball
1-0: Called Strike
1-1: Foul Ball, location: 2F
1-2: Reached on error, E4 (Groundball, 34)
Armando Méndez to third
Batting: LHB Pedro Cruz 0-0: Called Strike
0-1: Ball
1-1: Ball
2-1: Ground out 4-3 (Groundball, 13)
Bottom of the 2nd over - 1 run(s), 2 hit(s), 1 error(s), 2 left on base; Tuscaloosa 1 - Topeka 2
TOP OF THE 3RD
Tuscaloosa Trout Slayers batting - Pitching for Topeka Tornados : LHP Anthony Erickson
Batting: LHB Ed Murray 0-0: Foul Ball, location: 2F
0-1: Foul Ball, location: 2F
0-2: Ball
1-2: SINGLE (Line Drive, 3D)
Batting: RHB Ryan McBride 0-0: Ball
Ed Murray is caught stealing 2nd base
1-0: Foul Ball, location: 2F
1-1: Ball
2-1: SINGLE (Flyball, 9LS)
Batting: LHB Albert Morgan 0-0: Ball
1-0: Swinging Strike
1-1: Ball
2-1: Hit by Pitch
Ryan McBride to second
Batting: RHB Lawrence Yates 0-0: Ball
1-0: Called Strike
1-1: Ball
2-1: Ball
Wild Pitch!
Ryan McBride to third
Albert Morgan to second
3-1: Foul Ball, location: 2F
3-2: 3-RUN HOME RUN (Flyball, 8LXD), Distance : 419 ft
Batting: RHB Pedro Rodríguez 0-0: Ball
1-0: Called Strike
1-1: Ball
2-1: Fly out, F9 (Line Drive, 9LM)
Batting: LHB Ricardo Berroa 0-0: Called Strike
0-1: Ball
1-1: Foul Ball, location: 2F
1-2: Strikes out swinging
Top of the 3rd over - 3 run(s), 3 hit(s), 0 error(s), 0 left on base; Tuscaloosa 4 - Topeka 2
BOTTOM OF THE 3RD
Topeka Tornados batting - Pitching for Tuscaloosa Trout Slayers : RHP Fernando Rodríguez
Batting: RHB Bob Hall 0-0: Ball
1-0: Foul Ball, location: 2F
1-1: Foul Ball, location: 2F
1-2: Ball
2-2: Ball
3-2: Strikes out swinging
Batting: LHB Tom Robinson 0-0: Ball
1-0: Fly out, F5 (Line Drive, 5S)
Batting: RHB Gabriel Santana 0-0: Ball
1-0: Called Strike
1-1: Swinging Strike
1-2: Ball
2-2: Foul Ball, location: 2F
2-2: Fly out, F8 (Flyball, 8RM)
Bottom of the 3rd over - 0 run(s), 0 hit(s), 0 error(s), 0 left on base; Tuscaloosa 4 - Topeka 2
TOP OF THE 4TH
Tuscaloosa Trout Slayers batting - Pitching for Topeka Tornados : LHP Anthony Erickson
Batting: RHB Dave Hall 0-0: Ground out 6-3 (Groundball, 6)
Batting: RHB Ben Morton 0-0: DOUBLE (Line Drive, 7LM)
Batting: LHB Ed Hart 0-0: Ball
1-0: Foul Ball, location: 2F
1-1: Foul Ball, location: 2F
1-2: Ground out 6-3 (Groundball, 6)
Batting: LHB Ed Murray 0-0: DOUBLE (Line Drive, 5L)
Ben Morton scores
Batting: RHB Ryan McBride 0-0: Ground out 6-3 (Groundball, 6)
Top of the 4th over - 1 run(s), 2 hit(s), 0 error(s), 1 left on base; Tuscaloosa 5 - Topeka 2
BOTTOM OF THE 4TH
Topeka Tornados batting - Pitching for Tuscaloosa Trout Slayers : RHP Fernando Rodríguez
Batting: RHB Don Thomas 0-0: Ball
1-0: Fly out, F9 (Line Drive, 9S)
Batting: LHB Ramón Pérez 0-0: Ball
1-0: Ground out 4-3 (Groundball, 4)
Batting: RHB Cho-yun Qiao 0-0: Called Strike
0-1: Ball
1-1: Ball
2-1: Called Strike
2-2: SINGLE (Line Drive, 6MD)
Batting: RHB Armando Méndez 0-0: Called Strike
0-1: Foul Ball, location: 2F
0-2: Strikes out swinging
Bottom of the 4th over - 0 run(s), 1 hit(s), 0 error(s), 1 left on base; Tuscaloosa 5 - Topeka 2
TOP OF THE 5TH
Tuscaloosa Trout Slayers batting - Pitching for Topeka Tornados : LHP Anthony Erickson
Batting: LHB Albert Morgan 0-0: Ball
1-0: Foul Ball, location: 2F
1-1: Foul Ball, location: 2F
1-2: Strikes out looking
Batting: RHB Lawrence Yates 0-0: Ball
1-0: Foul Ball, location: 2F
1-1: Foul Ball, location: 2F
1-2: Foul Ball, location: 2F
1-2: DOUBLE (Groundball, 5L)
Pitching: RHP Larry Jones
Batting: RHB Pedro Rodríguez 0-0: Ball
1-0: Ground out 4-3 (Groundball, 4M)
Lawrence Yates to third
Batting: LHB Ricardo Berroa 0-0: Ball
1-0: Foul Ball, location: 2F
1-1: Ball
2-1: Foul Ball, location: 2F
2-2: Ball
3-2: Foul Ball, location: 2F
3-2: DOUBLE (Line Drive, 89XD)
Lawrence Yates scores
Batting: RHB Dave Hall 0-0: Ball
1-0: Called Strike
1-1: Foul Ball, location: 2F
1-2: Ball
2-2: Ball
3-2: Foul Ball, location: 2F
3-2: Fly out, F8 (Flyball, 8RXD)
Top of the 5th over - 1 run(s), 2 hit(s), 0 error(s), 1 left on base; Tuscaloosa 6 - Topeka 2
BOTTOM OF THE 5TH
Topeka Tornados batting - Pitching for Tuscaloosa Trout Slayers : RHP Fernando Rodríguez
Batting: SHB Martín Medina 0-0: Foul Ball, location: 2F
0-1: Called Strike
0-2: Strikes out swinging
Batting: LHB Pedro Cruz 0-0: Called Strike
0-1: Swinging Strike
0-2: Foul Ball, location: 2F
0-2: Strikes out looking
Batting: RHB Bob Hall 0-0: Called Strike
0-1: Ball
1-1: Foul Ball, location: 2F
1-2: Foul Ball, location: 2F
1-2: Foul Ball, location: 2F
1-2: DOUBLE (Groundball, 5L)
Batting: LHB Tom Robinson 0-0: Fly out, F8 (Line Drive, 8LM)
Bottom of the 5th over - 0 run(s), 1 hit(s), 0 error(s), 1 left on base; Tuscaloosa 6 - Topeka 2
TOP OF THE 6TH
Tuscaloosa Trout Slayers batting - Pitching for Topeka Tornados : RHP Larry Jones
Batting: RHB Ben Morton 0-0: Ball
1-0: Swinging Strike
1-1: Foul Ball, location: 2F
1-2: Fly out, F3 (Popup, 34S)
Batting: LHB Ed Hart 0-0: Called Strike
0-1: Swinging Strike
0-2: Ball
1-2: Foul Ball, location: 2F
1-2: Foul Ball, location: 2F
1-2: Strikes out looking
Batting: LHB Ed Murray 0-0: Called Strike
0-1: Ball
1-1: Swinging Strike
1-2: Ball
2-2: SINGLE (Line Drive, 7S)
Batting: RHB Ryan McBride 0-0: Fly out, F7 (Flyball, 78M)
Top of the 6th over - 0 run(s), 1 hit(s), 0 error(s), 1 left on base; Tuscaloosa 6 - Topeka 2
BOTTOM OF THE 6TH
Topeka Tornados batting - Pitching for Tuscaloosa Trout Slayers : RHP Fernando Rodríguez
Batting: RHB Gabriel Santana 0-0: Fly out, F7 (Flyball, 7M)
Batting: RHB Don Thomas 0-0: Ball
1-0: SINGLE (Groundball, 5L)
Pitching: RHP Jules Côté
Batting: LHB Ramón Pérez 0-0: Foul Ball, location: 2F
0-1: Swinging Strike
0-2: Ball
1-2: Ball
2-2: Ball
3-2: SINGLE (Line Drive, 34)
Don Thomas to second
Runner from 2nd tries for 3rd, SAFE, no throw or cutoff
Batting: RHB Cho-yun Qiao 0-0: Ball
1-0: Ball
2-0: Ball
3-0: Called Strike
3-1: Swinging Strike
3-2: Base on Balls
Ramón Pérez to second
Batting: RHB Armando Méndez 0-0: Fly out, F3 (Popup, 3L)
Batting: SHB Martín Medina 0-0: Ball
1-0: Foul Ball, location: 2F
1-1: SINGLE (Line Drive, 9S)
Don Thomas scores
Ramón Pérez to third
Cho-yun Qiao to second
Batting: LHB Pedro Cruz 0-0: Fly out, F7 (Flyball, 7M)
Bottom of the 6th over - 1 run(s), 3 hit(s), 0 error(s), 3 left on base; Tuscaloosa 6 - Topeka 3
TOP OF THE 7TH
Tuscaloosa Trout Slayers batting - Pitching for Topeka Tornados : RHP Larry Jones
Pitching: LHP Enrique Muńóz
Batting: LHB Albert Morgan 0-0: Called Strike
0-1: Foul Ball, location: 2F
0-2: Foul Ball, location: 2F
0-2: Strikes out swinging
Batting: RHB Lawrence Yates 0-0: Foul Ball, location: 2F
0-1: Swinging Strike
0-2: Ball
1-2: Strikes out swinging
Batting: RHB Pedro Rodríguez 0-0: Ball
1-0: Ball
2-0: Ball
3-0: Called Strike
3-1: Base on Balls
Batting: LHB Ricardo Berroa 0-0: Called Strike
0-1: Fly out, F7 (Flyball, 7LS)
Top of the 7th over - 0 run(s), 0 hit(s), 0 error(s), 1 left on base; Tuscaloosa 6 - Topeka 3
BOTTOM OF THE 7TH
Topeka Tornados batting - Pitching for Tuscaloosa Trout Slayers : RHP Jules Côté
Batting: RHB Bob Hall 0-0: Foul Ball, location: 2F
0-1: Swinging Strike
0-2: Ball
1-2: Ball
2-2: Foul Ball, location: 2F
2-2: Strikes out swinging
Batting: LHB Tom Robinson 0-0: Foul Ball, location: 2F
0-1: Foul Ball, location: 2F
0-2: Foul Ball, location: 2F
0-2: Strikes out looking
Batting: RHB Gabriel Santana 0-0: Ball
1-0: Called Strike
1-1: Called Strike
1-2: Strikes out swinging
Bottom of the 7th over - 0 run(s), 0 hit(s), 0 error(s), 0 left on base; Tuscaloosa 6 - Topeka 3
TOP OF THE 8TH
Tuscaloosa Trout Slayers batting - Pitching for Topeka Tornados : LHP Enrique Muńóz
Batting: RHB Dave Hall 0-0: Foul Ball, location: 2F
0-1: Hit by Pitch
Batting: RHB Ben Morton 0-0: Ball
1-0: Foul Ball, location: 2F
1-1: Ball
2-1: Fielders Choice at 2nd, 4-6 (Groundball, 34)
Pitching: LHP Pedro Vega
Batting: LHB Ed Hart 0-0: Foul Ball, location: 2F
0-1: Foul Ball, location: 2F
0-2: Strikes out looking
Batting: LHB Ed Murray 0-0: Ball
1-0: Called Strike
1-1: Ball
2-1: Ball
3-1: Swinging Strike
3-2: Base on Balls
Ben Morton to second
Batting: RHB Ryan McBride 0-0: Ball
1-0: Foul Ball, location: 2F
1-1: Ball
2-1: SINGLE (Line Drive, 9S)
Ben Morton to third
Ed Murray to second
Runner from 3rd tries for Home, SAFE, throw made home
Batting: LHB Albert Morgan 0-0: SINGLE (Groundball, 4MD)
Ed Murray to third
Ryan McBride to second
Runner from 3rd tries for Home, SAFE, no throw or cutoff
Batting: RHB Lawrence Yates 0-0: Ball
1-0: Ball
2-0: Foul Ball, location: 2F
2-1: 3-RUN HOME RUN (Flyball, 78XD), Distance : 410 ft
Pitching: RHP Craig Adams
Batting: RHB Pedro Rodríguez 0-0: Ball
1-0: Foul Ball, location: 2F
1-1: Foul Ball, location: 2F
1-2: Ground out 6-3 (Groundball, 6)
Top of the 8th over - 5 run(s), 3 hit(s), 0 error(s), 0 left on base; Tuscaloosa 11 - Topeka 3
BOTTOM OF THE 8TH
Topeka Tornados batting - Pitching for Tuscaloosa Trout Slayers : RHP Jules Côté
Batting: RHB Don Thomas 0-0: Called Strike
0-1: Swinging Strike
0-2: Ball
1-2: Foul Ball, location: 2F
1-2: Ball
2-2: Ground out 5-3 (Groundball, 56S)
Pitching: RHP Jesús Ramos
Batting: LHB Ramón Pérez 0-0: Ball
1-0: Fly out, F7 (Line Drive, 7S)
Batting: RHB Cho-yun Qiao 0-0: Foul Ball, location: 2F
0-1: Swinging Strike
0-2: Ball
1-2: Ball
2-2: Strikes out swinging
Bottom of the 8th over - 0 run(s), 0 hit(s), 0 error(s), 0 left on base; Tuscaloosa 11 - Topeka 3
TOP OF THE 9TH
Tuscaloosa Trout Slayers batting - Pitching for Topeka Tornados : RHP Craig Adams
Batting: LHB Ricardo Berroa 0-0: Reached on error, E4 (Groundball, 4)
Batting: RHB Dave Hall 0-0: Ball
1-0: Called Strike
1-1: Ball
2-1: Ball
3-1: Foul Ball, location: 2F
3-2: DOUBLE (Flyball, 9LM)
Ricardo Berroa to third
Runner from 3rd tries for Home, SAFE, no throw or cutoff
Batting: RHB Ben Morton 0-0: Ball
1-0: Ball
2-0: Swinging Strike
2-1: Called Strike
2-2: SINGLE (Groundball, 3D)
Dave Hall to third
Pitching: RHP Reginaldo Coscia
Batting: LHB Ed Hart 0-0: Ball
1-0: Called Strike
1-1: Ball
2-1: Called Strike
2-2: Ball
3-2: Fly out, F7 (Flyball, 78D)
Runner from 3rd tags up, SCORES, no throw
Batting: LHB Ed Murray 0-0: Ball
1-0: Called Strike
1-1: Foul Ball, location: 2F
1-2: Ball
2-2: Foul Ball, location: 2F
2-2: Strikes out swinging
Batting: RHB Ryan McBride 0-0: Ball
1-0: Ball
2-0: Ball
3-0: Called Strike
3-1: Swinging Strike
3-2: SINGLE (Line Drive, 4MD)
Ben Morton to second
Ben Morton to third
Batting: LHB Albert Morgan 0-0: Ball
1-0: Ball
2-0: Ball
3-0: Base on Balls
Ryan McBride to second
Pinch Hitting: RHB José Fernández 0-0: Foul Ball, location: 2F
0-1: Foul Ball, location: 2F
0-2: Ball
1-2: Foul Ball, location: 2F
1-2: Strikes out swinging
Top of the 9th over - 2 run(s), 3 hit(s), 1 error(s), 3 left on base; Tuscaloosa 13 - Topeka 3
BOTTOM OF THE 9TH
Topeka Tornados batting - Pitching for Tuscaloosa Trout Slayers : RHP Jesús Ramos
Now in CF: Lowie van den Bogaert
Batting: RHB Armando Méndez 0-0: Ball
1-0: DOUBLE (Line Drive, 78S)
Batting: SHB Martín Medina 0-0: Called Strike
0-1: Ball
1-1: Fly out, F5 (Popup, 5S)
Batting: LHB Pedro Cruz 0-0: Called Strike
0-1: Ground out 4-3 (Groundball, 4)
Armando Méndez to third
Batting: RHB Bob Hall 0-0: Swinging Strike
0-1: Foul Ball, location: 2F
0-2: Ball
1-2: Ball
2-2: Foul Ball, location: 2F
2-2: Foul Ball, location: 2F
2-2: Foul Ball, location: 2F
2-2: Strikes out swinging
Bottom of the 9th over - 0 run(s), 1 hit(s), 0 error(s), 1 left on base; Tuscaloosa 13 - Topeka 3
Monday, December 5th, 2016 - OOTP Baseball 17.12 Build 75